 Dungeon Crawl Stone Soup version 0.29-a0-243-g602b31c20e (webtiles) character file.

Game seed: 11224253282596455912

69 dduke01 the Covered (level 3, -4/31 HPs)
             Began as a Demigod Fighter on Mar 4, 2022.
             Slain by Terence
             ... wielding a +0 morningstar
              (9 damage)
             ... on level 3 of the Dungeon.
             The game lasted 00:02:45 (1768 turns).

dduke01 the Covered (Demigod Fighter)               Turns: 1768, Time: 00:02:45

Health: -4/31      AC:  6    Str: 21    XL:     3   Next: 75%
Magic:  5/5        EV:  9    Int: 10    God:
Gold:   136        SH:  4    Dex: 13    Spells: 2/2 levels left

rFire   . . .      SeeInvis .   a - +0 long sword
rCold   . . .      Faith    .   c - +0 buckler
rNeg    . . .      Spirit   .   b - +0 scale mail
rPois   .          Reflect  .   (no helmet)
rElec   .          Harm     .   (no cloak)
rCorr   .          Rampage  .   (no gloves)
Will    .....                   (no boots)
Stlth   ..........              (no amulet)
HPRegen 0.10/turn               e - ring of flight
MPRegen 0.09/turn               (no ring)

@: mighty, flying
A: high MP 1, forlorn, divine attributes
a: no special abilities


You were on level 3 of the Dungeon.
You visited 1 branch of the dungeon, and saw 3 of its levels.

You collected 136 gold pieces.

Inventory:

Hand Weapons
 a - a +0 long sword (weapon)
Armour
 b - a +0 scale mail (worn)
 c - a +0 buckler (worn)
Jewellery
 e - a ring of flight (left hand)
 k - a ring of fire
Potions
 d - a potion of might
 f - 2 potions of curing
 g - 2 potions of ambrosia
 h - 2 potions of attraction {unknown}
 i - a potion of heal wounds {unknown}


   Skills:
 + Level 3.1 Fighting
 * Level 2.7 Long Blades
 * Level 3.2 Armour
 + Level 0.4 Dodging
 + Level 2.8 Shields


You had 2 spell levels left.
You didn't know any spells.
Your spell library was empty.

Dungeon Overview and Level Annotations

Branches:
Dungeon (3/15)

Shops:
D:1 =

Annotations:
D:3 Terence


Innate Abilities, Weirdness & Mutations

You have an increased reservoir of magic. (+10% MP)
You shall have no god before yourself.
Your divine heritage dramatically boosts your attributes as you level up.


Message History

A bat comes into view.
A bat is nearby!
You hit the bat.
The bat is severely wounded.
The bat barely misses you.
Found a potion of curing.
The bat closely misses you.
Terence the Incautious comes into view.
He is wielding a +0 morningstar.
Found a stone staircase leading up.
Terence shouts!
The bat hits you but does no damage. The bat barely misses you.
You closely miss the bat.
The bat is severely wounded.
You block the bat's attack. x2
The bat hits you but does no damage. Terence hits you but does no damage.
The bat closely misses you.
You barely miss the bat.
The bat is severely wounded.
The bat barely misses you. Terence hits you with a +0 morningstar.
The bat closely misses you.
You barely miss the bat.
The bat is severely wounded.
The bat closely misses you. Terence hits you with a +0 morningstar!
Terence barely misses you.
You are too injured to fight recklessly!
You are too injured to fight recklessly!
You are too injured to fight recklessly!
You feel very mighty all of a sudden. The bat closely misses you.
Terence hits you with a +0 morningstar!
* * * LOW HITPOINT WARNING * * *
You hit Terence.
Terence is moderately wounded.
The bat hits you but does no damage. You block Terence's attack.
You barely miss Terence.
Terence is moderately wounded.
The bat barely misses you. You block Terence's attack.
You slash Terence!
Terence is severely wounded.
You block the bat's attack. Terence hits you with a +0 morningstar!
You die...

##############
###.#..........#
...............
###.............
................
#...........!..
#..............
#....@@........
#.....b........
#<..#..#######.
#.# #....# #
#8..P#####
#.........
#.8P.########
#.#### ...
#.#######.###


You could see Terence and a bat.

Vanquished Creatures
  A hound skeleton (D:3)
  An adder (D:2)
  2 dart slugs
  A ball python (D:2)
  4 endoplasms
  2 giant cockroaches (D:1)
  4 goblins
  6 hobgoblins (D:2)
  A quokka (D:3)
  8 bats
  4 frilled lizards
  4 kobolds
  3 rats (D:1)
41 creatures vanquished.

Notes
Turn   | Place    | Note
-------+----------+-------------------------------------------
     0 | D:1      | dduke01 the Demigod Fighter began the quest for the Orb.
     0 | D:1      | Reached XP level 1. HP: 18/18 MP: 3/3
   583 | D:1      | Reached XP level 2. HP: 25/25 MP: 4/4
   627 | D:1      | Found Hegguos's Jewellery Emporium.
  1235 | D:2      | Reached XP level 3. HP: 21/31 MP: 5/5
  1758 | D:3      | Noticed Terence
  1768 | D:3      | Slain by Terence

Illustrated notes

Levels and vault maps discovered:
D:1:      dpeg_arrival_more_subterranean_lakeside_camping, layout_basic,
          hellmonk_ecumenical_altar_heavens_door, serial_shops,
          nicolae_shop_hallway_stairs
D:2:      layout_rooms
D:3:      layout_basic, serial_undead, serial_undead_c, serial_undead_e,
          serial_undead_c, serial_undead_a, uniq_crazy_yiuf_cottage, uniq_ijyb,
          uniq_grinder, uniq_terence

Skill      XL: |  1  2 |
---------------+-------+-----
Armour         | 3 |  3.2
Long Blades    | 2 |  2.7
Fighting       | 3 |  3.1
Dodging        | |  0.4
Shields        | |  2.8

Action                   || total
-------------------------++-------
Melee: Long sword        ||   137
  Use: Scroll            ||     3
       Potion            ||     1
Armor: Scale mail        ||   124
Dodge: Dodged            ||   101
Block: Buckler           ||    46

Table legend: (Time is in decaauts)
 A = Elapsed time spent in this place.
 B = Non-inter-level travel time spent in this place.
 C = Inter-level travel time spent in this place.
 D = Time resting spent in this place.
 E = Time spent auto-exploring this place.
 F = Levels seen in this place.
 G = Mean time per level.
                   A        B        C        D        E       F      G
               +--------+--------+--------+--------+--------+-----+--------+
         Total |   1811 |   1786 |     25 |      0 |   1410 |   3 |  603.7 |
       Dungeon |   1811 |   1786 |     25 |      0 |   1410 |   3 |  603.7 |
               +--------+--------+--------+--------+--------+-----+--------+

Top non-repeatable levels by time:
     D:1: 1019 daAuts
     D:2: 686 daAuts
     D:3: 105 daAuts
